cohdb
Replays
Latest Replays
All Replays
Popular Replays
Top Player Replays
Match Explorer
How It Works
Community
CoH3 Stats
Reddit
Sign in to upload your games and track your stats! →
Sign in with Steam
Match 38781793
Unlisted
Match 38781793
Overview
Messages
Build Orders
End
Kradschützen Motorcycle Team
Panzerpioneer Squad
250 Light Carrier
Panzerpioneer Squad
Construct Light Support Kompanie
Combat Half-tracks
MG34 Team
Fire Support Elements
Selects Italian Infantry
2.5-tonne Medical Truck
Selects Guastatori Squad
Pak 38 Mechanized Group
Flakvierling Half-track
Veteran Squad Leaders
Selects Defensive Operations
Construct Panzerarmee Kommand
Fallschirmjäger
sharpshooter
Starsilver
Farsurem
DaddyIssues
以正合,以奇胜
0
0
Comments
sign in to comment!
No comments posted yet!